 Dungeon Crawl Stone Soup version 0.28-a0-1395-g4f6bc678fa (webtiles) character file.

Game seed: 15106079730190920985

26 eustatius the Ducker (level 2, -3/22 HPs)
             Began as a Draconian Wanderer on Jan 5, 2022.
             Was a Follower of Nemelex Xobeh.
             Frozen to death by an endoplasm (4 damage)
             ... on level 2 of the Dungeon.
             The game lasted 00:06:53 (1054 turns).

eustatius the Ducker (Draconian Wanderer)           Turns: 1054, Time: 00:06:54

Health: -3/22      AC:  5    Str: 12    XL:     2   Next: 89%
Magic:  1/3        EV: 13    Int: 12    God:    Nemelex Xobeh [*.....]
Gold:   62         SH:  0    Dex: 12    Spells: 2/3 levels left

rFire   . . .      SeeInvis +   e - +0 dagger
rCold   . . .      Faith    .   (no shield)
rNeg    . . .      Spirit   .   (armour unavailable)
rPois   .          Reflect  .   (helmet restricted)
rElec   .          Harm     .   (no cloak)
rCorr   .          Rampage  .   b - +0 pair of gloves
Will    .....                   (no boots)
Stlth   +.........              (no amulet)
HPRegen 0.07/turn               g - ring of see invisible
MPRegen 0.08/turn               (no ring)

@: no status effects
A: AC +4, unfitting armour, cold-blooded
a: Renounce Religion, Draw Escape, Draw Destruction, Draw Summoning


You were on level 2 of the Dungeon.
You worshipped Nemelex Xobeh.
Nemelex Xobeh was aware of your devotion.
You visited 1 branch of the dungeon, and saw 2 of its levels.

You collected 62 gold pieces.

Inventory:

Hand Weapons
 a - a +0 club
 e - a +0 dagger (weapon)
 m - a +0 hunting sling
Missiles
 f - 12 arrows
Armour
 b - a +0 pair of gloves (worn)
Jewellery
 g - a ring of see invisible (left hand)
Wands
 c - a wand of flame (13) (quivered)
Scrolls
 d - 3 scrolls of teleportation {unknown}
 h - a scroll of fog {unknown}
 i - a scroll of vulnerability {unknown}
 k - a scroll of blinking {unknown}
Potions
 j - a potion of curing {unknown}
 l - a potion of lignification {unknown}


   Skills:
 - Level 0.6 Fighting
 - Level 1.0 Short Blades
 - Level 3.6 Dodging
 - Level 0.2 Stealth
 - Level 1.1 Spellcasting
 - Level 0.3 Transmutations
 * Level 2.7 Poison Magic
 - Level 3.0 Evocations


You had 2 spell levels left.
You knew the following spells:

 Your Spells              Type           Power      Damage    Failure   Level
a - Sting                 Tmut/Pois      16%        1d3       16%         1

Your spell library contained the following spells:

 Spells                   Type           Power      Damage    Failure   Level
 Blink                    Tloc           0%         N/A       41%         2
 Ignite Poison            Fire/Tmut/Pois 3%         N/A       50%         3
 Lesser Beckoning         Tloc           0%         N/A       65%         3
 Manifold Assault         Tloc           0%         N/A       100%        5


Dungeon Overview and Level Annotations

Branches:
Dungeon (2/15)

Altars:
Nemelex Xobeh

Annotations:
D:2 Sigmund


Innate Abilities, Weirdness & Mutations

Your plain brown scales are hard. (AC +4)
You cannot fit into any form of body armour.
You are cold-blooded and may be slowed by cold attacks.


Message History

There is a stone staircase leading down here.
Sigmund casts a spell.
Sigmund flickers and vanishes!
Deactivating autopickup; reactivate with Ctrl-A.
Casting: Sting (safe; 16% risk of failure)
Confirm with . or Enter, or press ? or * to list all spells.
Aiming: Sting (safe; 16% risk of failure)
Press: ? - help, Shift-Dir - straight line, f - endoplasm
Aim: an endoplasm (97% to hit)
The sting misses the endoplasm.
The sting hits the goblin.
The goblin is poisoned.
The goblin is moderately wounded.
The endoplasm freezes you.
You are frozen.
You kill the goblin!
The endoplasm freezes you.
You are frozen.
Casting: Sting (safe; 16% risk of failure)
Confirm with . or Enter, or press ? or * to list all spells.
Aiming: Sting (safe; 16% risk of failure)
Press: ? - help, Shift-Dir - straight line, f/p - endoplasm
Aim: an endoplasm (97% to hit)
The sting hits the endoplasm.
The endoplasm partially resists.
The endoplasm is lightly wounded.
The endoplasm hits you but does no damage.
Something hits you!
* * * LOW HITPOINT WARNING * * *
Reactivating autopickup.
g - a ring of see invisible (left hand)
The endoplasm closely misses you.
Unknown command.
Aiming: Throw Flame
Press: ? - help, Q - select action, (/) - cycle Shift-Dir - straight line, f - Sigmund, p - endoplasm
Aim: Sigmund, wielding a +0 scythe and wearing a +0 robe (slightly transparent, 68% to hit)
The puff of flame hits Sigmund.
Sigmund is lightly wounded.
The endoplasm freezes you.
You are frozen.
You die...
Your body disappears without a glow.

####### ######.....##
#...........##
#............#
#............#
#............#
####.........#####
..............>J.#
####..........@)@#
#...............#
.....................
....................###
....................#
......................
............###..####.
... #.. #..# .. ...


You could see Sigmund (invisible) and an endoplasm.

Vanquished Creatures
  A dart slug (D:1)
  2 ball pythons
  A giant cockroach (D:1)
  3 goblins
  2 hobgoblins (D:1)
  4 jackals (D:1)
  2 quokkas (D:1)
  2 frilled lizards (D:1)
  2 kobolds (D:1)
  A rat (D:1)
20 creatures vanquished.

Vanquished Creatures (others)
  A plant (D:1)
1 creature vanquished.

Grand Total: 21 creatures vanquished

Notes
Turn   | Place    | Note
-------+----------+-------------------------------------------
     0 | D:1      | eustatius the Draconian Wanderer began the quest for the
                  | Orb.
     0 | D:1      | eustatius set off with the following items: a +0 club, a +0
                  | pair of gloves, a wand of flame (15); and the following
                  | spell memorised: Sting; and the following spells available
                  | to memorise: Ignite Poison
     0 | D:1      | Reached XP level 1. HP: 14/14 MP: 2/2
   410 | D:1      | Reached XP level 2. HP: 22/22 MP: 1/3
   630 | D:1      | Reached skill level 1 in Short Blades
   652 | D:1      | Found a faded altar of an unknown god.
   666 | D:1      | Prayed at the altar of an unknown god.
   666 | D:1      | Became a worshipper of Nemelex Xobeh the Trickster
   666 | D:1      | Reached * piety under Nemelex Xobeh
   666 | D:1      | Received a gift from Nemelex Xobeh
  1035 | D:2      | Noticed Sigmund
  1052 | D:2      | HP: 1/22 [something (7)]
  1054 | D:2      | Frozen to death by an endoplasm

Illustrated notes

Levels and vault maps discovered:
D:1:      minmay_arrival_plants_in_alcoves, layout_basic,
          ebering_ecumenical_altar_box, chequers_serial_rivers_micro_d,
          serial_bayou_pond_c
D:2:      layout_rooms, uniq_terence, uniq_robin, uniq_crazy_yiuf_cottage,
          uniq_jessica, uniq_sigmund

Skill      XL: |  1  2 |
---------------+-------+-----
Short Blades   | 1 |  1.0
Fighting       | |  0.6
Dodging        | |  3.6
Stealth        | |  0.2
Spellcasting   | |  1.1
Transmutations | |  0.3
Poison Magic   | |  2.7
Evocations     | |  3.0

Action                   || total
-------------------------++-------
Melee: Dagger            ||    31
       Tailslap          ||     5
 Cast: Sting             ||    21
Evoke: Wand              ||     2
Armor: Skin              ||    16
Dodge: Dodged            ||    28

Table legend: (Time is in decaauts)
 A = Elapsed time spent in this place.
 B = Non-inter-level travel time spent in this place.
 C = Inter-level travel time spent in this place.
 D = Time resting spent in this place.
 E = Time spent auto-exploring this place.
 F = Levels seen in this place.
 G = Mean time per level.
                   A        B        C        D        E       F      G
               +--------+--------+--------+--------+--------+-----+--------+
         Total |   1059 |    992 |     67 |      0 |    431 |   2 |  529.5 |
       Dungeon |   1059 |    992 |     67 |      0 |    431 |   2 |  529.5 |
               +--------+--------+--------+--------+--------+-----+--------+

Top non-repeatable levels by time:
     D:1: 1017 daAuts
     D:2: 42 daAuts
